Map: 애씨드 플랜트 - 래더

Players

SuperNova

  • Race: Terran Terran
  • League: Grandmaster
  • Spawn Location: 5:00

IIIIIIIIIIII - Winner!

  • Race: Protoss Protoss
  • Spawn Location: 11:00

VOD

Have the link to the VOD?

Description

sn tvp

Time

  • Played on: Oct. 13, 2018, 11:45 p.m.
  • Length: 12:02
Show
View Real Time Build Order
Export as new Build Order

SuperNova Terran 

Build Orders: Mech, Banshee Rush 

Get SALT Encoding   

  12  0:00  SCV  
  13  0:13  SCV  
  14  0:17  Supply Depot  
  14  0:25  SCV  
  15  0:39  Barracks  
  15  0:40  SCV  
  16  0:46  Refinery  
  16  0:52  SCV  
  16  0:56  Refinery  
  17  1:04  SCV  
  18  1:16  SCV  
  19  1:28  Reaper  
  19  1:29  Orbital Command  
  20  1:44  Factory  
  20  1:54  Supply Depot  
  20  1:55  SCV  
  21  2:07  SCV  
  22  2:19  SCV  
  23  2:30  Factory Reactor, Starport  
  23  2:32  SCV  
  23  2:40  Command Center  
  23  2:45  SCV  
  24  2:57  SCV  
  25  3:07  Supply Depot, Widow Mine x2  
  25  3:09  Medivac  
  25  3:10  Barracks Tech Lab  
  31  3:29  SCV, Widow Mine x2  
  31  3:31  Supply Depot  
  36  3:44  SCV  
  36  3:47  Cloaking Field  
  37  3:51  Banshee  
  37  3:53  Orbital Command  
  40  3:57  Marine x2  
  40  3:58  Factory Tech Lab  
  40  4:00  SCV  
  43  4:12  SCV  
  43  4:14  Marine  
  43  4:15  Marine  
  46  4:17  Siege Tank  
  46  4:19  Orbital Command  
  49  4:26  SCV  
  50  4:34  Banshee  
  47  4:38  Marine  
  47  4:39  Marine  
  47  4:41  SCV  
  47  4:42  Engineering Bay  
  46  4:45  SCV  
  46  4:51  Bunker  
  47  4:53  SCV  
  47  4:57  SCV  
  49  5:00  Marine x2  
  49  5:03  Siege Tank  
  49  5:05  SCV  
  55  5:10  SCV  
  53  5:15  Missile Turret  
  53  5:17  SCV, Banshee  
  57  5:22  SCV  
  58  5:29  SCV  
  58  5:31  Command Center  
  58  5:34  SCV  
  60  5:39  Missile Turret  
  60  5:41  SCV  
  60  5:42  Refinery  
  61  5:44  Refinery  
  61  5:46  SCV  
  61  5:49  Missile Turret  
  62  5:56  Supply Depot  
  62  5:59  Supply Depot  
  62  6:09  Starport Reactor  
  62  6:18  SCV x2, Siege Tank, Marine x2  
  69  6:20  Factory  
  69  6:21  Supply Depot  
  69  6:22  Factory, Supply Depot  
  69  6:30  SCV  
  69  6:33  SCV  
  69  6:39  Marine x2  
  71  6:50  Siege Tank  
  71  6:55  SCV x2  
  71  6:58  Command Center  
  71  7:00  Missile Turret  
  75  7:02  Missile Turret  
  75  7:07  SCV x2  
  72  7:10  Armory  
  72  7:11  Starport Reactor  
  72  7:17  Widow Mine x2  
  72  7:19  SCV x2  
  72  7:20  Missile Turret  
  78  7:30  Widow Mine  
  78  7:31  SCV, Widow Mine  
  78  7:32  Missile Turret  
  83  7:37  SCV  
  83  7:39  Armory  
  83  7:41  Missile Turret  
  83  7:43  SCV, Missile Turret  
  83  7:44  Widow Mine x2  
  89  7:49  SCV  
  90  7:54  Widow Mine  
  90  7:55  SCV, Widow Mine  
  91  8:01  SCV  
  88  8:06  Widow Mine x2  
  88  8:11  Viking  
  88  8:12  Viking, SCV  
  93  8:17  SCV  
  94  8:21  Missile Turret  
  94  8:22  Orbital Command  
  94  8:25  SCV, Thor x2  
  107  8:31  Widow Mine  
  109  8:34  Terran Ship Weapons Level 1, Terran Vehicle And Ship Armor Level 1  
  109  8:37  Supply Depot  
  109  8:38  Drilling Claws  
  109  8:41  Widow Mine  
  111  8:47  Missile Turret  
  111  8:49  Viking  
  111  8:50  Viking  
  111  8:51  Orbital Command  
  111  8:52  SCV  
  116  9:00  SCV  
  117  9:04  SCV  
  117  9:06  Widow Mine  
  117  9:07  Widow Mine  
  117  9:09  Widow Mine  
  114  9:12  SCV  
  114  9:13  Missile Turret  
  114  9:16  SCV x2  
  80  9:24  Viking, SCV  
  117  9:28  SCV, Viking  
  123  9:32  Refinery  
  123  9:36  Refinery  
  123  9:38  Supply Depot  
  123  9:43  SCV x2  
  125  9:54  Supply Depot x2  
  125  9:56  Command Center  
  125  9:58  SCV  
  125  9:59  Viking  
  128  10:00  Viking  
  128  10:01  Starport  
  128  10:02  Starport  
  128  10:04  SCV x2  
  132  10:10  SCV  
  132  10:12  Thor  
  139  10:20  Supply Depot  
  139  10:21  Supply Depot  
  139  10:23  Thor  
  145  10:32  Viking x2  
  149  10:36  Supply Depot  
  149  10:44  Starport Tech Lab x2  
  149  10:47  Supply Depot  
  150  10:50  SCV x2  
  150  10:51  Missile Turret  
  152  10:57  SCV  
  152  11:02  SCV  
  152  11:03  SCV, Missile Turret  
  154  11:07  Fusion Core  
  154  11:08  Missile Turret  
  153  11:11  Refinery  
  153  11:14  Refinery, Planetary Fortress  
  153  11:19  SCV x3  
  156  11:29  Missile Turret  
  156  11:30  Missile Turret x2  
Show
View Real Time Build Order
Export as new Build Order

IIIIIIIIIIII Protoss - Winner!

Build Orders: Oracle Opening, Phoenix Opening 

Get SALT Encoding   

  12  0:05  Probe  
  13  0:17  Probe  
  13  0:18  Pylon  
  14  0:27  Probe  
  14  0:35  Probe  
  15  0:40  Gateway  
  16  0:44  Probe  
  16  0:49  Assimilator  
  17  0:56  Probe  
  18  1:08  Probe  
  19  1:18  Assimilator  
  19  1:20  Probe  
  20  1:27  Cybernetics Core  
  20  1:29  Zealot  
  20  1:32  Probe  
  23  1:33  Pylon  
  23  1:51  Probe  
  24  1:55  Adept  
  24  2:03  Probe  
  24  2:07  Stargate  
  27  2:22  Probe  
  28  2:32  Nexus  
  28  2:42  Oracle  
  29  2:49  Pylon  
  31  3:07  Probe  
  31  3:09  Oracle  
  32  3:19  Probe  
  36  3:23  Assimilator  
  36  3:32  Probe  
  37  3:37  Phoenix  
  37  3:44  Probe  
  39  3:49  Probe  
  39  3:53  Pylon  
  40  3:56  Probe, Stargate  
  40  3:59  Phoenix  
  40  4:01  Probe  
  44  4:13  Probe  
  44  4:14  Probe  
  46  4:18  Oracle  
  46  4:25  Probe  
  46  4:26  Probe  
  51  4:38  Probe  
  47  4:39  Probe  
  47  4:41  Oracle  
  51  4:50  Probe  
  51  4:52  Shield Battery  
  52  4:53  Shield Battery  
  52  4:57  Probe  
  53  5:02  Probe  
  54  5:09  Probe  
  55  5:14  Probe  
  55  5:15  Oracle  
  55  5:16  Oracle  
  55  5:21  Probe  
  62  5:25  Pylon  
  62  5:31  Assimilator  
  62  5:34  Nexus  
  62  5:43  Probe x2  
  62  5:45  Pylon  
  64  5:54  Oracle  
  64  5:55  Probe  
  64  5:56  Pylon  
  68  5:57  Probe  
  68  6:03  Oracle  
  72  6:10  Probe x2  
  72  6:11  Pylon  
  74  6:24  Probe  
  75  6:26  Stargate  
  75  6:33  Probe  
  75  6:34  Oracle  
  75  6:36  Probe  
  80  6:45  Probe  
  81  6:48  Probe  
  81  6:51  Oracle  
  85  7:00  Probe x2  
  85  7:01  Probe, Fleet Beacon, Assimilator  
  88  7:06  Assimilator  
  88  7:12  Probe x3  
  94  7:19  Shield Battery  
  94  7:20  Probe x3  
  94  7:28  Probe x2  
  97  7:31  Probe  
  97  7:38  Probe x2  
  97  7:43  Probe, Pylon  
  100  7:45  Carrier  
  100  7:50  Probe x2  
  100  7:51  Carrier  
  108  7:55  Probe  
  108  7:58  Protoss Air Weapons Level 1  
  115  8:06  Probe x2  
  115  8:08  Probe  
  115  8:23  Nexus  
  115  8:24  Cybernetics Core, Pylon  
  115  8:26  Forge  
  115  8:34  Graviton Catapult, Pylon  
  115  8:37  Carrier  
  115  8:38  Pylon  
  115  8:43  Stargate  
  115  8:46  Stargate  
  121  8:50  Protoss Air Armor Level 1  
  121  8:52  Protoss Shields Level 1  
  121  8:59  Pylon  
  121  9:12  Carrier  
  127  9:23  Photon Cannon  
  127  9:26  Probe x3  
  127  9:27  Nexus  
  130  9:38  Probe  
  128  9:39  Carrier  
  128  9:40  Nexus  
  128  9:41  Pylon  
  134  9:48  Carrier  
  134  9:51  Assimilator  
  134  9:52  Pylon  
  140  9:53  Assimilator  
  140  10:00  Carrier  
  146  10:08  Probe x3  
  146  10:09  Probe  
  150  10:18  Carrier  
  150  10:20  Probe  
  157  10:22  Photon Cannon  
  157  10:28  Probe x3  
  160  10:31  Pylon  
  160  10:32  Probe  
  167  10:46  Photon Cannon  
  167  10:49  Photon Cannon  
  167  10:51  Shield Battery  
  167  10:53  Probe x2  
  167  10:54  Probe, Photon Cannon  
  170  11:02  Shield Battery  
  170  11:04  Shield Battery  
  170  11:12  Shield Battery  
  170  11:15  Photon Cannon  
  176  11:22  Twilight Council  
  176  11:24  Shield Battery  
  176  11:25  Shield Battery  
Tags
 
Add a new tag
Caveats
  • Supply blocks, unpowered buildings, or Contaminate may cause inaccurate times.
  • Supply counts are checked every 10 seconds.